 Dungeon Crawl Stone Soup version 0.31-a0-557-g6e16503903 (webtiles) character file.

Game seed: 13246305062029748688

1750 Hubris850 the Changeling (level 8, -5/59 HPs)
             Began as a Red Draconian Shapeshifter on Aug 16, 2023.
             Slain by a killer bee (7 damage)
             ... on level 5 of the Dungeon.
             The game lasted 00:16:59 (5997 turns).

Hubris850 the Changeling (DrSh)                     Turns: 5997, Time: 00:17:00

Health: -5/59      AC:  6    Str: 18    XL:     8   Next: 78%
Magic:  12/12      EV: 12    Int: 11    God:
Gold:   325        SH:  0    Dex: 11    Spells: 7/13 levels left

rFire   + . .        h - melded +1 short sword (venom)
rCold   . . .        (shield currently unavailable)
rNeg    . . .        (body armour unavailable)
rPois   .            (helmet restricted)
rElec   .            (no cloak)
rCorr   .            (no gloves)
SInv    .            (no boots)
Will    .....        m - amulet of the acrobat
Stlth   +            (no ring)
HPRegen 0.29/turn    (no ring)
MPRegen 0.13/turn

%: acrobat
@: lethally poisoned (-5 -> -12), flux-form, glowing
A: glow, contaminating, breathe fire, AC +6, unfitting armour, fire resistance
1, cold-blooded
a: Breathe Fire, Begin Untransformation


You were on level 5 of the Dungeon.
You were something dangerously unstable.
You visited 1 branch of the dungeon, and saw 6 of its levels.
You also visited: Sewer.

You collected 325 gold pieces.

Inventory:

Hand Weapons
 h - a +1 short sword of venom (melded)
Armour
 x - an orb of wrath
 z - a +0 cloak
Jewellery
 m - an amulet of the acrobat (around neck)
 o - an amulet of guardian spirit
Talismans
 b - a beast talisman
 c - a flux talisman (active)
Wands
 j - a wand of paralysis (11)
 r - a wand of flame (11)
 A - a wand of mindburst (18)
Scrolls
 d - 2 scrolls of vulnerability {unknown}
 e - 2 scrolls of revelation {unknown}
 i - a scroll of poison {unknown}
 l - 2 scrolls of fear {unknown}
 n - a scroll of fog {unknown}
 p - 2 scrolls of teleportation
 t - 3 scrolls of summoning {unknown}
 u - 2 scrolls of brand weapon {unknown}
 v - a scroll of enchant weapon {unknown}
 w - a scroll of amnesia {unknown}
 y - a scroll of enchant armour {unknown}
Potions
 a - 3 potions of lignification
 g - 2 potions of brilliance
 k - 4 potions of might
 q - 3 potions of mutation {unknown}
 s - a potion of attraction {unknown}


   Skills:
 - Level 1.1 Fighting
 - Level 1.7 Dodging
 - Level 5.0 Unarmed Combat
 - Level 3.0 Spellcasting
 - Level 5.0 Poison Magic
 + Level 7.8 Shapeshifting


You had 7 spell levels left.
You knew the following spells:

 Your Spells              Type           Power      Damage    Failure   Level
a - Poisonous Vapours     Pois/Air       14%        N/A       14%         2
b - Olgreb's Toxic Radia  Pois           12%        N/A       32%         4

Your spell library contained the following spells:

 Spells                   Type           Power      Damage    Failure   Level
 Sting                    Tmut/Pois      28%        1d4       10%         1
 Ignite Poison            Fire/Tmut/Pois 5%         N/A       38%         3
 Sticky Flame             Conj/Fire      1%         2d3       95%         4
 Ignition                 Fire           0%         3d3       100%        8


Dungeon Overview and Level Annotations

Branches:
Dungeon (6/15)              Sewer (visited)
 Temple: D:4-7

Altars:
Ashenzari
Dithmenos
Hepliaklqana
Okawaru
Wu Jian
The Shining One

Portals:
Abyss: D:5

Annotations:
D:5 2 transporters, GoodGuyCap's ghost, weakling FeDe
D:6 Eustachio


Innate Abilities, Weirdness & Mutations

You are something dangerously unstable.
You glow with magical radiation, making you easy to see and hit.
Foes you strike become dangerously contaminated with magical radiation.
You are incapable of wielding weapons or throwing items.
You can breathe blasts of fire.
Your fiery red scales are hard. (AC +6)
You cannot fit into any form of body armour.
Your flesh is heat resistant. (rF+)
You are cold-blooded and may be slowed by cold attacks.


Message History

You hit the killer bee.
The killer bee shudders as magic cascades through it!
You kill the killer bee!
You feel sick. The killer bee barely misses you.
The killer bee attacks as you move away!
The killer bee misses you.
You feel sick. The killer bee completely misses you.
You see here a killer bee corpse.
You hit the killer bee.
The killer bee begins to glow.
Your tail-slap misses the killer bee.
The killer bee is lightly wounded.
You feel sick. The killer bee barely misses you. The killer bee stings you.
You are more poisoned.
The killer bee poisons you!
You hit the killer bee.
The killer bee glows dangerously bright.
The killer bee is moderately wounded.
You feel sick. The killer bee closely misses you.
The killer bee barely misses you.
You miss the killer bee.
You tail-slap the killer bee, but do no damage.
The killer bee is moderately wounded.
You feel sick. The killer bee closely misses you. The killer bee stings you.
* * * LOW HITPOINT WARNING * * *
You closely miss the killer bee.
The killer bee is moderately wounded.
You feel sick. The killer bee stings you.
* * * LOW HITPOINT WARNING * * *
The killer bee stings you.
* * * LOW HITPOINT WARNING * * *
You are lethally poisoned!
The killer bee poisons you!
You miss the killer bee.
Your tail-slap misses the killer bee.
The killer bee is moderately wounded.
* * * LOW HITPOINT WARNING * * *
You feel sick. The killer bee closely misses you.
You closely miss the killer bee.
Your tail-slap misses the killer bee.
The killer bee is moderately wounded.
* * * LOW HITPOINT WARNING * * *
You feel sick. The killer bee barely misses you. The killer bee stings you!
You die...

##.....#.............
#......##.........#..
#...............###..
##...............)#..
##...........####....
#............###.....
#...........##.......
#######....................
#........#B................
#.#####...y.......###..###.
#.##..#..#...###.##.####.##
#.#.P._####..#K###...##...#
#.#....###..©#x...###:.∩5.#
#...⌠._##....##W...#.5.##.#
###P...##.....#..^##.###...
#..._##.....##....##.##..
##P.#.##.....##.#K#..##.#


You could see a killer bee (heavy contam).

Vanquished Creatures
  Sigmund (D:3)
  Edmund (D:5)
  An ice beast (D:5)
  A sky beast (D:4)
  2 black bears
  A centaur (D:5)
  An ogre (D:5)
  A phantom (D:5)
  2 bullfrogs (Sewer)
  A killer bee (D:5)
  A howler monkey (D:5)
  An orc priest (D:3)
  2 hounds
  Jessica (D:3)
  4 iguanas
  Terence (D:3)
  2 orc wizards
  4 gnolls (D:5)
  11 adders
  9 river rats
  3 worms (D:3)
  5 dart slugs
  17 orcs
  15 ball pythons
  8 endoplasms
  3 giant cockroaches
  10 hobgoblins
  4 quokkas
  5 bats
  8 frilled lizards
  10 goblins
  6 kobolds
  29 rats
171 creatures vanquished.

Notes
Turn   | Place    | Note
-------+----------+-------------------------------------------
     0 | D:1      | Hubris850 the Draconian Shapeshifter began the quest for
                  | the Orb.
     0 | D:1      | Reached XP level 1. HP: 16/16 MP: 1/1
   163 | D:1      | Reached XP level 2. HP: 22/23 MP: 2/2
   738 | D:1      | Reached XP level 3. HP: 28/28 MP: 3/3
  1116 | D:2      | Learned a level 2 spell: Poisonous Vapours
  1636 | D:3      | Found a glowing golden altar of the Shining One.
  1636 | D:3      | Noticed Jessica
  1657 | D:3      | Killed Jessica
  1658 | D:3      | Reached XP level 4. HP: 35/35 MP: 4/4
  1702 | D:3      | Reached skill level 1 in Poison Magic
  1707 | D:3      | Reached skill level 1 in Spellcasting
  1788 | D:3      | Found a glowing drain.
  1792 | D:3      | Reached skill level 4 in Shapeshifting
  1799 | D:3      | Reached XP level 5. HP: 32/40 MP: 6/6
  1805 | Sewer    | Entered a sewer
  2420 | Sewer    | Reached XP level 6. HP: 32/47 MP: 7/9
  2652 | D:3      | Noticed Sigmund
  2698 | D:3      | Killed Sigmund
  2699 | D:3      | Reached skill level 5 in Unarmed Combat
  2699 | D:3      | Your scales start taking on a fiery red colour.
  2699 | D:3      | Reached XP level 7. HP: 45/52 MP: 9/11
  2699 | D:3      | Gained mutation: Your flesh is heat resistant. (rF+) [Red
                  | Draconian growth]
  2707 | D:3      | Learned a level 4 spell: Olgreb's Toxic Radiance
  2924 | D:3      | Noticed Terence
  2929 | D:3      | Killed Terence
  3703 | D:4      | Reached skill level 5 in Shapeshifting
  4408 | D:5      | Entered Level 5 of the Dungeon
  4626 | D:5      | Reached XP level 8. HP: 57/59 MP: 12/12
  4646 | D:5      | Reached skill level 5 in Poison Magic
  4736 | D:5      | Reached skill level 6 in Shapeshifting
  5168 | D:5      | Found a transporter.
  5169 | D:5      | Found a shadowy altar of Dithmenos.
  5183 | D:5      | Noticed Edmund
  5193 | D:5      | Killed Edmund
  5194 | D:5      | Reached skill level 7 in Shapeshifting
  5232 | D:5      | Found a transporter.
  5235 | D:5      | Found a hazy altar of Hepliaklqana.
  5235 | D:5      | Found a broken altar of Ashenzari.
  5379 | D:5      | Found an iron altar of Okawaru.
  5395 | D:5      | Found an ornate altar of the Wu Jian Council.
  5507 | D:5      | Noticed GoodGuyCap's ghost (weakling FeDe)
  5524 | D:5      | Found a one-way gate to the infinite horrors of the Abyss.
  5838 | D:6      | Noticed Eustachio
  5844 | D:6      | HP: 2/59 [poisoned by a killer bee]
  5997 | D:5      | HP: 2/59 [poisoned by a killer bee]
  5997 | D:5      | Slain by a killer bee

Illustrated notes

Levels and vault maps discovered:
D:1:      matt_arrival_los_fun, layout_loops_ring
D:2:      layout_loops_ring
D:3:      layout_loops_ring, tso_metal_star, lightli_sewer_entry_pipes,
          uniq_jessica, uniq_terence, uniq_sigmund
D:4:      layout_basic
D:5:      layout_cave_pools, gammafunk_temple_overflow_forgotten,
          mainiacjoe_overflow_catch_the_wave, gammafunk_ghost_abyssal_escape,
          uniq_edmund
D:6:      layout_rooms, uniq_jeremiah, uniq_eustachio

Skill      XL: |  1  2  3  4  5  6  7  8 |
---------------+-------------------------+-----
Unarmed Combat | 4 5 |  5.0
Poison Magic   | 1 2 3 4 5 |  5.0
Spellcasting   | 1 2 3 |  3.0
Shapeshifting  | 4 5 7 |  7.8
Fighting       | |  1.1
Dodging        | |  1.7

Action                     |  1- 3 |  4- 6 |  7- 9 || total
---------------------------+-------+-------+-------++-------
  Melee: Unarmed           |    34 |       |    29 ||    63
         Tailslap          |     9 |    12 |    25 ||    46
         Short sword       |    58 |   203 |   186 ||   447
         Punch             |     4 |     2 |     9 ||    15
   Cast: Poisonous Vapours |       |       |     2 ||     2
Ability: Breathe Fire      |       |       |     4 ||     4
  Evoke: Wand              |       |     3 |       ||     3
    Use: Potion            |       |     3 |     3 ||     6
         Scroll            |       |       |     4 ||     4
   Stab: Sleeping          |     2 |       |       ||     2
 Armour: Skin              |    23 |   199 |    65 ||   287
  Dodge: Dodged            |    58 |   219 |   161 ||   438
         Form:             |       |       |     1 ||     1
         Flux              |       |       |     1 ||     1

Table legend: (Time is in decaauts)
 A = Elapsed time spent in this place.
 B = Non-inter-level travel time spent in this place.
 C = Inter-level travel time spent in this place.
 D = Time resting spent in this place.
 E = Time spent auto-exploring this place.
 F = Levels seen in this place.
 G = Mean time per level.
                   A        B        C        D        E       F      G
               +--------+--------+--------+--------+--------+-----+--------+
         Total |   6060 |   5901 |    159 |    911 |   3713 |   7 |  865.7 |
       Dungeon |   5283 |   5124 |    159 |    591 |   3535 |   6 |  880.5 |
         Sewer |    776 |    776 |      0 |    320 |    178 |   1 |  776.0 |
               +--------+--------+--------+--------+--------+-----+--------+

Top non-repeatable levels by time:
     D:5: 1198 daAuts
     D:3: 1151 daAuts
     D:4: 1120 daAuts
     D:1: 845 daAuts
   Sewer: 776 daAuts
     D:2: 767 daAuts
     D:6: 199 daAuts
